AoeStats
← Foxiliuth

Arabia

509881072Analyzed
3v3 RM · 4d ago on Sep 28, 2026· 67m 46s· 6 players
Game mode
Random Map
Map size
Normal (6 player)
Population
200
Speed
Normal
Resources
Standard
Victory
Conquest
Starting age
Dark Age
Ending age
Imperial Age
RankedLock teamsTeams togetherTeam positionsShared explorationLock speedFull tech treeHidden civsTurbo modeCheats
Victory
Defeat
🇹🇼 Varangians · Taiwan
1004
+15
🇹🇼 Hindustanis · Taiwan
971
+16
🇹🇼 Ethiopians · Taiwan
967
+16
998
-16
🇨🇱 Magyars · Chile
971
-16
🇨🇱 Ethiopians · Chile
967
-15
maximilianogilsandoval
7:35 Loom
7:40 Loom
9:57 Feudal Age
13:33 Fletching
16:23 Gold Mining
24:02 Castle Age
22:54 Padded Archer Armor
24:42 Bodkin Arrow
25:02 Leather Archer Armor
24:22 Crossbowman
25:00 Horse Collar
28:23 Double-Bit Axe
30:35 Bow Saw
37:04 Stone Mining
40:43 Husbandry
42:15 Wheelbarrow
46:45 Gold Shaft Mining
49:59 Ballistics
51:18 Heavy Plow
64:33 Hand Cart
alonsox133
8:33 Loom
10:54 Feudal Age
13:15 Double-Bit Axe
13:10 Horse Collar
15:24 Fletching
17:45 Padded Archer Armor
25:00 Castle Age
25:02 Crossbowman
25:48 Thumb Ring
25:41 Bodkin Arrow
29:08 Bow Saw
28:59 Heavy Plow
31:38 Ballistics
35:35 Wheelbarrow
38:50 Leather Archer Armor
42:58 Imperial Age
45:05 Arbalester
45:49 Bracer
46:50 Hand Cart
47:45 Two-Man Saw
47:10 Town Watch
49:23 Chemistry
52:14 Siege Engineers
52:05 Murder Holes
52:17 Siege Engineers
54:09 Ring Archer Armor
54:20 Conscription
56:59 Masonry
64:56 Torsion Engines
Foxiliuth
7:46 Loom
9:57 Feudal Age
11:28 Bloodlines
15:43 Scale Barding Armor
17:31 Wheelbarrow
21:32 Castle Age
20:36 Horse Collar
20:43 Double-Bit Axe
20:50 Fletching
21:03 Gold Mining
22:46 Husbandry
24:13 Town Watch
25:47 Stone Mining
26:36 Bow Saw
27:05 Hand Cart
29:36 Chain Barding Armor
28:57 Pikeman
33:14 Bodkin Arrow
35:01 Heavy Plow
40:08 Imperial Age
39:15 Scale Mail Armor
39:53 Corvinian Army
40:15 Cavalier
41:05 Elite Magyar Huszar
42:25 Hoardings
42:13 Conscription
43:04 Two-Man Saw
42:44 Gold Shaft Mining
42:44 Crop Rotation
43:51 Plate Barding Armor
43:16 Bracer
43:17 Padded Archer Armor
45:14 Recurve Bow
46:18 Leather Archer Armor
48:07 Thumb Ring
47:24 Heavy Cavalry Archer
48:30 Parthian Tactics
48:58 Murder Holes
50:04 Chemistry
49:25 Ballistics
49:32 Ballistics
50:14 Chemistry
49:24 Masonry
49:24 Siege Engineers
56:09 Halberdier
57:15 Chain Mail Armor
62:52 Ring Archer Armor
"Jihei endonka"
8:20 Loom
11:03 Feudal Age
17:37 Castle Age
16:58 Double-Bit Axe
16:59 Horse Collar
17:45 Gold Mining
18:24 Scale Mail Armor
21:04 Gambesons
23:45 Squires
25:50 Chain Mail Armor
26:13 Squires
32:06 Town Watch
32:57 Wheelbarrow
32:49 Forging
33:52 Fervor
36:06 Bow Saw
35:57 Heavy Plow
36:41 Light Cavalry
37:32 Bloodlines
40:38 Imperial Age
38:30 Light Cavalry
39:10 Husbandry
40:12 Vendel Legacy
40:59 Scale Barding Armor
42:51 Hussar
45:19 Two-Man Saw
45:24 Chain Barding Armor
46:50 Plate Barding Armor
47:13 Plate Mail Armor
47:32 Conscription
49:11 Iron Casting
48:24 Elite Varangian Guard
49:43 Fletching
50:18 Ballistics
50:22 Gothikon
57:41 Arson
58:58 Blast Furnace
57:54 Bodkin Arrow
58:00 Padded Archer Armor
59:02 Chemistry
58:09 Siege Engineers
57:44 Treadmill Crane
58:14 Masonry
57:59 Murder Holes
58:15 Fortified Wall
58:08 Devotion
58:47 Theocracy
66:15 Bracer
66:30 Leather Archer Armor
66:48 Architecture
雷孟
8:08 Loom
10:18 Feudal Age
16:28 Castle Age
14:58 Horse Collar
15:26 Double-Bit Axe
17:20 Bow Saw
22:56 Bloodlines
22:08 Light Cavalry
24:31 Scale Barding Armor
25:16 Heavy Plow
25:33 Gold Mining
28:06 Wheelbarrow
27:40 Husbandry
33:03 Chain Barding Armor
32:53 Forging
36:14 Imperial Age
35:12 Iron Casting
34:29 Fletching
34:36 Murder Holes
35:03 Ballistics
37:07 Hussar
37:33 Heavy Camel Rider
40:21 Plate Barding Armor
40:46 Blast Furnace
39:36 Elite Skirmisher
39:49 Elite Skirmisher
41:34 Chemistry
40:37 Grand Trunk Road
40:59 Conscription
44:27 Imperial Camel Rider
46:08 Hand Cart
45:38 Town Watch
47:32 Caravan
47:52 Bodkin Arrow
47:57 Scale Mail Armor
Tapiru
6:42 Loom
9:53 Feudal Age
10:56 Double-Bit Axe
14:38 Horse Collar
22:50 Town Watch
24:45 Fletching
27:31 Castle Age
27:35 Elite Skirmisher
29:21 Bow Saw
31:16 Bodkin Arrow
31:21 Padded Archer Armor
34:55 Leather Archer Armor
46:35 Scale Mail Armor
46:45 Forging
47:54 Wheelbarrow
47:27 Gold Mining
49:08 Crossbowman
54:48 Imperial Age
52:59 Ballistics
52:55 Squires
57:33 Gold Shaft Mining
65:16 Conscription
65:05 Thumb Ring
67:16 Hand Cart
67:01 Town Patrol
68:11 Chain Mail Armor
68:31 Iron Casting
Connection lost

Rejoining the realm…

Still unreachable

The connection could not be restored.

Session expired

The server has moved on; the page needs a fresh start.